 Dungeon Crawl Stone Soup version 0.20.0-10-g0535bb4 (webtiles) character file.

5513 dvd the Cleaver (level 10, -2/64 HPs)
             Began as a Gargoyle Berserker on June 5, 2017.
             Was an Elder of Trog.
             Killed from afar by a tengu conjurer (24 damage)
             ... with an orb of energy
             ... on level 9 of the Dungeon.
             The game lasted 00:14:33 (6080 turns).

dvd the Cleaver (Gargoyle Berserker)                Turns: 6080, Time: 00:14:34

Health: -2/64      AC: 27    Str: 21    XL:     10   Next: 70%
Magic:  10/10      EV:  9    Int:  9    God:    Trog [****..]
Gold:   318        SH:  3    Dex: 11    Spells: 9/9 levels left

rFire    + . .     SeeInvis .   a - +0 war axe
rCold    + . .     Gourm    .   G - +0 buckler
rNeg     + . .     Faith    .   x - +9 chain mail "Leny Amo" {Slay+3 Stlth+}
rPois    ∞         Spirit   .   (no helmet)
rElec    +         Reflect  .   h - scarf {cloud immunity}
rCorr    .         Harm     .   K - +0 pair of gloves
MR       .....                  (no boots)
Stlth    ..........             (no amulet)
Regen    0.2/turn               z - ring of protection from fire
MPRegen  0.2/turn               p - ring of protection from cold

@: no status effects
A: negative energy resistance 1, electricity resistance, unbreathing,
petrification resistance, rot immunity, AC +7
a: Berserk, Trog's Hand, Brothers in Arms, Burn Spellbooks, Renounce Religion


You were on level 9 of the Dungeon.
You worshipped Trog.
Trog was greatly pleased with you.
You were hungry.

You visited 1 branch of the dungeon, and saw 9 of its levels.

You collected 318 gold pieces.

Inventory:

Hand Weapons
 a - a +0 war axe (weapon)
 b - a +1 flail of holy wrath
Missiles
 j - 5 poisoned javelins (quivered)
Armour
 h - a scarf of cloud immunity (worn)
 r - a +2 robe of magic resistance
 x - the +9 chain mail "Leny Amo" (worn) {Slay+3 Stlth+}
   (You found it on level 5 of the Dungeon)

   It affects your accuracy and damage with ranged weapons and melee attacks
   (+3).
   It makes you more stealthy.
 G - a +0 buckler (worn)
 K - a +0 pair of gloves (worn)
Jewellery
 f - an uncursed ring of flight
 p - a ring of protection from cold (right hand)
 u - an uncursed ring of stealth
 z - a ring of protection from fire (left hand)
 J - an uncursed ring of resist corrosion
Wands
 n - a wand of iceblast (11/15)
 v - a wand of digging (8/24)
 D - a wand of flame (32/48)
Scrolls
 k - a scroll of remove curse
 m - 7 scrolls of identify
 B - a scroll of enchant weapon {unknown}
 C - a scroll of teleportation
 F - a scroll of fear {unknown}
 H - a scroll of amnesia {unknown}
 I - a scroll of magic mapping
Potions
 d - a potion of lignification {unknown}
 e - 4 potions of curing {unknown}
 l - a potion of heal wounds {unknown}
 o - a potion of cancellation {unknown}
 q - 3 potions of resistance {unknown}
 s - 2 potions of haste {unknown}
 t - a potion of flight {unknown}
 y - a potion of agility {unknown}
 E - a potion of mutation {unknown}
Comestibles
 c - 8 bread rations
 g - 2 meat rations
 i - 2 royal jellies
 w - a fruit


   Skills:
 + Level 8.0 Fighting
 + Level 10.9 Axes
 + Level 1.0 Throwing
 + Level 7.3 Armour
 + Level 3.9 Dodging
 + Level 1.3 Stealth
 + Level 0.9 Shields


You had 9 spell levels left.
You didn't know any spells.

Dungeon Overview and Level Annotations

Branches:
Dungeon (9/15)             Temple (0/1) D:5
   Lair: D:8-11         Orc: D:9-12

Altars:
Ashenzari
Cheibriados
Dithmenos
Elyvilon
Fedhas
Kikubaaqudgha
Nemelex Xobeh
Okawaru
Ru


Innate Abilities, Weirdness & Mutations

You are resistant to torment.
Your stone body is resilient. (AC +7)
You are immune to poison.
You resist negative energy. (rN+)
You are resistant to electric shocks. (rElec)
You can survive without breathing.
You are immune to petrification.
You are immune to rotting.


Message History

The wizard flickers and vanishes!
Deactivating autopickup; reactivate with Ctrl-A.
The tengu conjurer closely misses you.
The tengu conjurer pecks you but does no damage.
The tengu conjurer closely misses you.
All of the chunks of flesh in your inventory have rotted away.
You slash the tengu conjurer!
The tengu conjurer is severely wounded.
The tengu conjurer hits you but does no damage.
The tengu conjurer pecks you but does no damage.
The tengu conjurer claws you but does no damage.
You hit the tengu conjurer.
The tengu conjurer is almost dead.
The tengu conjurer casts a spell at you.
The orb of energy hits you!
The orb of energy explodes!
You barely miss the tengu conjurer.
The tengu conjurer is almost dead.
The tengu conjurer casts a spell at you.
The orb of energy hits you!
You die...

....#.# ....#..
8..... ....# #
H...# #? 59.
####.####Q####..
........@....... #
######.(##.#.##. #
#..........# #
#.#.########.#.#.#
#................#
##........#.#^###
#######.#####.#.#
..............# #
#######.#######.


You could see a manticore, a tengu conjurer, a gargoyle and a shadow imp.

Vanquished Creatures
  A centaur warrior (D:9)
  Pikel (D:4)
  The ghost of MTVSty1e the Basher, a novice GrFi (D:5)
  2 hippogriffs
  Prince Ribbit (D:6)
  A spriggan (D:7)
  Sigmund (D:2)
  A water moccasin (D:7)
  2 phantoms
  A slave (D:4)
  3 ogres
  3 orc warriors
  An ice beast (D:7)
  3 centaurs
  The ghost of ThereIsNoGod the Cudgeler, an amateur GrBe of Trog (D:4)
  4 bullfrogs
  2 scorpions
  3 killer bees (D:7)
  A howler monkey (D:4)
  A quasit (D:8)
  4 crimson imps
  2 bullfrog zombies (D:5)
  2 jellies
  A bullfrog skeleton (D:8)
  9 orc wizards
  A centaur skeleton (D:6)
  3 orc priests
  6 hounds
  Jessica (D:2)
  3 worker ants
  An iguana (D:5)
  A hound skeleton (D:4)
  3 gnolls (D:6)
  6 adders
  A shadow imp (D:7)
  2 adder skeletons
  An adder zombie (D:5)
  2 worms
  A dart slug (D:3)
  9 leopard geckos
  15 orcs
  4 ball pythons
  3 giant cockroaches
  4 goblins
  7 hobgoblins
  13 jackals
  A quokka (D:5)
  4 bats (D:3)
  4 frilled lizards
  A jackal skeleton (D:5)
  11 kobolds
  3 rats
163 creatures vanquished.

Vanquished Creatures (others)
  A wizard (D:9)
  A slave (D:4)
  An orc priest (D:4)
  3 orcs (D:4)
6 creatures vanquished.

Grand Total: 169 creatures vanquished

Notes
Turn   | Place    | Note
-------+----------+-------------------------------------------
     0 | D:1      | dvd the Gargoyle Berserker began the quest for the Orb.
     0 | D:1      | Reached XP level 1. HP: 14/14 MP: 1/1
   218 | D:1      | Reached skill level 3 in Axes
   218 | D:1      | Reached XP level 2. HP: 19/19 MP: 2/2
   849 | D:2      | Noticed Jessica
   856 | D:2      | Killed Jessica
   856 | D:2      | Reached XP level 3. HP: 23/23 MP: 3/3
   858 | D:2      | Reached XP level 4. HP: 28/28 MP: 4/4
   931 | D:2      | Found an iron altar of Okawaru.
  1018 | D:2      | Reached ** piety under Trog
  1117 | D:2      | Noticed Sigmund
  1129 | D:2      | Killed Sigmund
  1129 | D:2      | Reached skill level 4 in Axes
  1129 | D:2      | Reached XP level 5. HP: 33/33 MP: 5/5
  1129 | D:2      | Reached XP level 6. HP: 38/38 MP: 6/6
  1361 | D:3      | Reached skill level 5 in Axes
  2051 | D:4      | Noticed Pikel
  2051 | D:4      | Noticed a slave
  2051 | D:4      | Noticed a slave
  2051 | D:4      | Noticed a slave
  2051 | D:4      | Noticed a slave
  2057 | D:4      | Noticed ThereIsNoGod's ghost (amateur GrBe)
  2057 | D:4      | Killed a slave
  2059 | D:4      | Killed Pikel
  2059 | D:4      | Reached *** piety under Trog
  2059 | D:4      | Reached skill level 6 in Axes
  2059 | D:4      | Reached XP level 7. HP: 44/44 MP: 7/7
  2115 | D:4      | Killed ThereIsNoGod's ghost
  2115 | D:4      | Reached XP level 8. HP: 48/48 MP: 8/8
  2210 | D:4      | Reached skill level 5 in Fighting
  2874 | D:4      | Reached skill level 7 in Axes
  2999 | D:5      | Entered Level 5 of the Dungeon
  2999 | D:5      | Found a staircase to the Ecumenical Temple.
  3102 | D:5      | Reached skill level 5 in Armour
  3114 | D:5      | Reached skill level 1 in Stealth
  3141 | D:5      | Got an emerald-encrusted chain mail
  3161 | D:5      | Identified the +9 chain mail "Leny Amo" {Slay+3 Stlth+} (You found it on level 5 of the Dungeon)
  3238 | D:5      | Noticed MTVSty1e's ghost (novice GrFi)
  3245 | D:5      | Killed MTVSty1e's ghost
  3245 | D:5      | Reached skill level 8 in Axes
  3245 | D:5      | Reached XP level 9. HP: 55/55 MP: 9/9
  3873 | D:6      | Found a sacrificial altar of Ru.
  4201 | D:6      | Reached **** piety under Trog
  4285 | D:6      | Noticed Prince Ribbit
  4306 | D:6      | Killed Prince Ribbit
  4306 | D:6      | Reached skill level 9 in Axes
  4809 | D:7      | Found a shattered altar of Ashenzari.
  4989 | D:7      | Reached XP level 10. HP: 62/63 MP: 10/10
  5081 | D:7      | Reached skill level 10 in Axes
  5469 | D:8      | Found a white marble altar of Elyvilon.
  5474 | D:8      | Found a sparkling altar of Nemelex Xobeh.
  5481 | D:8      | Found a shadowy altar of Dithmenos.
  5484 | D:8      | Found a snail-covered altar of Cheibriados.
  5639 | D:8      | Found an ancient bone altar of Kikubaaqudgha.
  5640 | D:8      | Found a blossoming altar of Fedhas.
  6026 | D:9      | Noticed a centaur warrior
  6027 | D:9      | Noticed a gargoyle
  6040 | D:9      | Noticed a wizard
  6041 | D:9      | Noticed a wizard
  6041 | D:9      | Killed a centaur warrior
  6041 | D:9      | Reached skill level 1 in Throwing
  6042 | D:9      | Noticed a manticore
  6068 | D:9      | Killed a wizard
  6080 | D:9      | Killed from afar by a tengu conjurer

Skill      XL: |  1  2  3  4  5  6  7  8  9 10 |
---------------+-------------------------------+-----
Axes           | 3 4 6 8 9 10 | 10.9
Dodging        | 2 3 |  3.9
Fighting       | 4 5 7 8 |  8.0
Armour         | 3 4 5 6 7 |  7.3
Stealth        | 1 |  1.3
Throwing       | 1 |  1.0
Shields        | |  0.9

Action                   |  1- 3 |  4- 6 |  7- 9 | 10-12 || total
-------------------------+-------+-------+-------+-------++-------
Melee: Hand axe          |    60 |   166 |    20 |       ||   246
       War axe           |       |       |   248 |   116 ||   364
Throw: Javelin           |       |       |     5 |     3 ||     8
Invok: Berserk           |     1 |     3 |     5 |       ||     9
       Trog's Hand       |       |       |     1 |       ||     1
  Use: Scroll            |       |     3 |     2 |       ||     5
  Eat: Chunk             |       |     7 |    13 |     3 ||    23
       Royal jelly       |       |       |     1 |       ||     1
Armor: Animal skin       |     2 |       |       |       ||     2
       Leather armour    |    11 |       |       |       ||    11
       Ring mail         |    11 |    79 |    25 |       ||   115
       Chain mail        |       |       |   156 |   138 ||   294
Dodge: Dodged            |    38 |   101 |   155 |    72 ||   366
Block: Buckler           |       |       |       |    19 ||    19
